 Dungeon Crawl Stone Soup version 0.20.1-1-g8b1a95d (webtiles) character file.

4160 polve the Destroyer (level 10, 80/80 HPs)
             Began as a Yellow Draconian Conjurer on July 8, 2017.
             Was a Priest of Dithmenos.
             Got out of the dungeon alive.
             The game lasted 00:19:27 (12610 turns).

polve the Destroyer (Yellow Draconian Conjurer)    Turns: 12610, Time: 00:19:28

Health: 80/80      AC:  9    Str: 11    XL:     10   Next: 7%
Magic:  13/13      EV: 12    Int: 18    God:    Dithmenos [***...]
Gold:   427        SH:  0    Dex: 12    Spells: 1/13 levels left

rFire    . . .     SeeInvis .   e - +2 whip (drain)
rCold    . . .     Gourm    .   (no shield)
rNeg     . . .     Faith    .   (armour unavailable)
rPois    .         Spirit   .   (helmet restricted)
rElec    .         Reflect  .   C - +0 cloak
rCorr    +         Harm     .   x - +0 pair of gloves
MR       .....                  (no boots)
Stlth    ++++......             (no amulet)
Regen    0.3/turn               (no ring)
MPRegen  0.2/turn               (no ring)

@: wreathed by umbra
A: spit acid, acid resistance, unfitting armour, cold-blooded, AC +7
a: Breathe Acid, Shadow Step, Renounce Religion


You escaped.
You worshipped Dithmenos.
Dithmenos was most pleased with you.
You were not hungry.

You visited 1 branch of the dungeon, and saw 8 of its levels.

You collected 427 gold pieces.

Inventory:

Hand Weapons
 e - a +2 whip of draining (weapon)
Armour
 x - a +0 pair of gloves (worn)
 C - a +0 cloak (worn)
Jewellery
 y - an uncursed amulet of magic regeneration {unknown}
Wands
 u - a wand of iceblast (2/15)
 w - a wand of paralysis (16/24)
Scrolls
 c - 3 scrolls of enchant armour
 f - a scroll of enchant weapon {unknown}
 g - 3 scrolls of fear {unknown}
 j - 4 scrolls of teleportation
 m - 3 scrolls of remove curse
 q - 2 scrolls of fog {unknown}
 s - a scroll of recharging {unknown}
 D - a scroll of immolation {unknown}
 E - a scroll of silence {unknown}
Potions
 h - 2 potions of heal wounds
 i - 4 potions of curing
 k - a potion of lignification {unknown}
 l - a potion of degeneration {unknown}
 n - 2 potions of might
 r - a potion of flight {unknown}
 z - a potion of invisibility {unknown}
 A - a potion of resistance {unknown}
 B - a potion of cancellation {unknown}
Books
 a - a book of Conjurations

   Spells                             Type                      Level
   a - Magic Dart                     Conjuration                  1
   b - Searing Ray                    Conjuration                  2
   c - Dazzling Spray                 Conjuration/Hexes            3
   d - Fulminant Prism                Conjuration/Hexes            4
   e - Force Lance                    Conjuration/Translocation    4
   f - Iskenderun's Mystic Blast      Conjuration                  4
 d - a book of Minor Magic

   Spells                             Type                      Level
   a - Magic Dart                     Conjuration                  1
   b - Blink                          Translocation                2
   c - Call Imp                       Summoning                    2
   d - Slow                           Hexes                        2
   e - Conjure Flame                  Conjuration/Fire             3
   f - Mephitic Cloud                 Conjuration/Poison/Air       3
 p - the Almanac of Dislocation and Clay
   (You found it on level 4 of the Dungeon)

   Spells                             Type                      Level
   a - Passage of Golubria            Translocation                4
   b - Lee's Rapid Deconstruction     Earth                        5
   c - Controlled Blink               Translocation                8
 t - a book of Battle

   Spells                             Type                      Level
   a - Infusion                       Charms                       1
   b - Shroud of Golubria             Charms/Translocation         2
   c - Song of Slaying                Charms                       2
   d - Spectral Weapon                Hexes/Charms                 3
   e - Regeneration                   Charms/Necromancy            3
 v - a book of Misfortune

   Spells                             Type                      Level
   a - Confusing Touch                Hexes                        1
   b - Confuse                        Hexes                        3
   c - Gell's Gravitas                Translocation                3
   d - Petrify                        Transmutation/Earth          4
   e - Metabolic Englaciation         Hexes/Ice                    5
   f - Yara's Violent Unravelling     Hexes/Transmutation          5
Comestibles
 b - 6 bread rations
 o - 5 meat rations
 F - a royal jelly


   Skills:
 + Level 4.8 Fighting
 - Level 1.7 Dodging
 * Level 5.5 Stealth
 - Level 2.0 Spellcasting
 - Level 11.0 Conjurations
 - Level 5.0 Air Magic
 - Level 5.2 Poison Magic


You had one spell level left.
You knew the following spells:

 Your Spells              Type           Power        Failure   Level  Hunger
a - Magic Dart            Conj           ####         1%          1    #......
b - Searing Ray           Conj           #####.       1%          2    ###....
c - Iskenderun's Mystic   Conj           #####...     1%          4    #####..
d - Mephitic Cloud        Conj/Pois/Air  ####....     3%          3    ###....
s - Shroud of Golubria    Chrm/Tloc      #.........   26%         2    ###....


Dungeon Overview and Level Annotations

Branches:
Dungeon (8/15)             Temple (0/1) D:5
   Lair: D:8-11

Altars:
Dithmenos
Kikubaaqudgha
Makhleb
Qazlal
Ru
Sif Muna
Trog
Uskayaw
Vehumet


Innate Abilities, Weirdness & Mutations

You can spit globs of acid.
You are resistant to acid.
Your golden yellow scales are hard. (AC +7)
You cannot fit into any form of body armour.
You are cold-blooded and may be slowed by cold attacks.


Message History

The hobgoblin closely misses you. The hobgoblin closely misses you.
The hobgoblin hits you but does no damage.
The hobgoblin hits you but does no damage.
The hobgoblin hits you but does no damage.
The hobgoblin barely misses you.
The hobgoblin hits you but does no damage.
The hobgoblin hits you but does no damage.
The hobgoblin hits you but does no damage.
The hobgoblin hits you but does no damage.
The hobgoblin barely misses you.
The hobgoblin hits you but does no damage.
The hobgoblin hits you but does no damage.
The hobgoblin closely misses you. The hobgoblin closely misses you.
The hobgoblin misses you.
There is a staircase leading out of the dungeon here.
Are you sure you want to leave the Dungeon?
This will make you lose the game! The hobgoblin barely misses you.
You have escaped!

#####.(.....#########.......## #.
# ##.....####....#..####.....###.
###...)###.......#.....#.#....##.
......##.....#######.....##....#.
.....##....###...#.###....##...##
.....#....##.....#...##.........#
######...##.(.#####...##...##...#
#...#.(..#...##...##...#....#...#
#...#....#.....g@..#...#....#...#
#...#....#...##...##...#....#...#
#...##...##...#####........##...#
#....#....##.........#..####....#
##...##....###.....###....#....##
#...........#######.....##....#.
##....###.............###....##.
##.....####.......####.....##..
##.......#########.......##...


You could see a hobgoblin.

Vanquished Creatures
  A two-headed ogre (D:8)
  Pikel (D:7)
  Prince Ribbit (D:6)
  Grinder (D:6)
  Sigmund (D:3)
  Eustachio (D:4)
  A hungry ghost (D:7)
  The ghost of theElss the Skirmisher, an amateur GrBe of Trog (D:3)
  Menkaure (D:7)
  Duvessa (D:6)
  An ice beast (D:5)
  2 orc warriors (D:7)
  A sky beast (D:7)
  A slave (D:7)
  An ogre (D:4)
  A phantom (D:6)
  A big kobold (D:7)
  A bullfrog (D:7)
  Dowan (D:6)
  2 scorpions
  A howler monkey (D:5)
  A crimson imp (D:7)
  A bullfrog zombie (D:5)
  A centaur zombie (D:7)
  3 hounds
  An orc priest (D:3)
  A gnoll shaman (D:4)
  4 orc wizards
  Jessica (D:3)
  A bullfrog skeleton (D:5)
  An iguana (D:4)
  9 worker ants
  2 hound skeletons
  A howler monkey zombie (D:6)
  14 gnolls
  A worker ant zombie (D:6)
  9 adders
  A shadow imp (D:5)
  3 oozes
  2 worms (D:2)
  A dart slug (D:2)
  6 leopard geckos
  21 orcs
  3 ball pythons
  8 bats
  9 giant cockroaches
  9 goblins
  5 hobgoblins
  6 jackals
  11 kobolds
  4 quokkas
  6 frilled lizards
  A jackal skeleton (D:4)
  28 rats
  A plant (D:4)
199 creatures vanquished.

Vanquished Creatures (others)
  2 slaves (D:7)
  A crimson imp (D:7)
  2 hounds (D:7)
  2 worker ants (D:7)
  3 gnolls (D:7)
  An adder skeleton (D:7)
11 creatures vanquished.

Grand Total: 210 creatures vanquished

Notes
Turn   | Place    | Note
-------+----------+-------------------------------------------
     0 | D:1      | polve the Draconian Conjurer began the quest for the Orb.
     0 | D:1      | Reached XP level 1. HP: 14/14 MP: 3/3
   502 | D:1      | Reached XP level 2. HP: 20/20 MP: 0/5
   519 | D:1      | Learned a level 2 spell: Searing Ray
  1403 | D:2      | Reached skill level 5 in Conjurations
  1403 | D:2      | Reached XP level 3. HP: 14/26 MP: 1/6
  2343 | D:2      | Reached XP level 4. HP: 30/33 MP: 4/7
  2678 | D:2      | Reached skill level 6 in Conjurations
  2946 | D:2      | Found a shadowy altar of Dithmenos.
  2965 | D:2      | Became a worshipper of Dithmenos the Shadowed
  3106 | D:2      | Found a hide-covered altar of Uskayaw.
  3286 | D:3      | Noticed theElss's ghost (amateur GrBe)
  3564 | D:3      | Found a bloodstained altar of Trog.
  3573 | D:3      | Noticed Jessica
  3577 | D:3      | Killed Jessica
  3577 | D:3      | Reached XP level 5. HP: 38/38 MP: 8/8
  3661 | D:3      | Noticed Sigmund
  4212 | D:3      | Killed Sigmund
  4212 | D:3      | Reached skill level 7 in Conjurations
  4212 | D:3      | Reached XP level 6. HP: 10/45 MP: 1/9
  4993 | D:3      | Learned a level 4 spell: Iskenderun's Mystic Blast
  5064 | D:3      | Reached * piety under Dithmenos
  5081 | D:3      | Reached skill level 8 in Conjurations
  5359 | D:3      | Killed theElss's ghost
  5359 | D:3      | Your scales start taking on a golden yellow colour.
  5359 | D:3      | Reached XP level 7. HP: 17/50 MP: 0/10
  5634 | D:3      | Found an ancient bone altar of Kikubaaqudgha.
  5638 | D:3      | Found a deep blue altar of Sif Muna.
  5639 | D:3      | Found a radiant altar of Vehumet.
  5641 | D:3      | Identified Kikubaaqudgha's Grimoire of Evil Rites
  5816 | D:4      | Reached skill level 9 in Conjurations
  5858 | D:4      | Found a stormy altar of Qazlal.
  6224 | D:4      | Identified the Almanac of Dislocation and Clay
  6640 | D:4      | Found a burning altar of Makhleb.
  7054 | D:4      | Reached ** piety under Dithmenos
  7129 | D:4      | Noticed Eustachio
  7149 | D:4      | Killed Eustachio
  7149 | D:4      | Reached skill level 10 in Conjurations
  7149 | D:4      | Reached XP level 8. HP: 54/57 MP: 0/11
  7526 | D:5      | Entered Level 5 of the Dungeon
  7790 | D:5      | Found a staircase to the Ecumenical Temple.
  8528 | D:5      | Reached skill level 11 in Conjurations
  8958 | D:6      | Learned a level 3 spell: Mephitic Cloud
  9052 | D:6      | Found a sacrificial altar of Ru.
  9146 | D:6      | Reached skill level 1 in Air Magic
  9146 | D:6      | Reached skill level 1 in Poison Magic
  9328 | D:6      | Noticed Prince Ribbit
  9338 | D:6      | Killed Prince Ribbit
  9569 | D:6      | Noticed Grinder
  9573 | D:6      | Paralysed by Grinder for 6 turns
  9591 | D:6      | Reached *** piety under Dithmenos
  9599 | D:6      | HP: 2/57 [Grinder/nerve-wracking pain (10)]
  9600 | D:6      | Killed Grinder
  9600 | D:6      | Reached skill level 1 in Fighting
  9925 | D:6      | Reached XP level 9. HP: 53/67 MP: 5/12
 10157 | D:6      | Noticed Dowan
 10160 | D:6      | Noticed Duvessa
 10168 | D:6      | Killed Duvessa
 10177 | D:6      | Killed Dowan
 10930 | D:7      | Noticed Pikel
 10940 | D:7      | Killed Pikel
 11850 | D:7      | Noticed Menkaure
 11856 | D:7      | Killed Menkaure
 12121 | D:7      | Learned a level 2 spell: Shroud of Golubria
 12328 | D:8      | Noticed a two-headed ogre
 12340 | D:8      | Killed a two-headed ogre
 12340 | D:8      | Reached skill level 5 in Stealth
 12340 | D:8      | Reached skill level 5 in Air Magic
 12340 | D:8      | Reached skill level 5 in Poison Magic
 12340 | D:8      | Reached XP level 10. HP: 50/80 MP: 5/13
 12610 | D:$      | Got out of the dungeon alive.

Skill      XL: |  1  2  3  4  5  6  7  8  9 |
---------------+----------------------------+-----
Conjurations   | 5 6 7 8 10 11 | 11.0
Air Magic      | 3 5 |  5.0
Poison Magic   | 3 5 |  5.2
Fighting       | 1 4 |  4.8
Stealth        | 5 |  5.5
Dodging        | |  1.7
Spellcasting   | |  2.0

Action                   |  1- 3 |  4- 6 |  7- 9 | 10-12 || total
-------------------------+-------+-------+-------+-------++-------
Melee: Unarmed           |    10 |       |       |       ||    10
       Tailslap          |     3 |     2 |    31 |       ||    36
       Whip              |    32 |    43 |   296 |       ||   371
 Cast: Magic Dart        |    46 |   100 |   123 |     4 ||   273
       Searing Ray       |     2 |    12 |    23 |       ||    37
 Abil: Breathe Acid      |       |       |    14 |       ||    14
  Use: Potion            |       |     2 |       |       ||     2
       Scroll            |       |       |     6 |       ||     6
 Stab: Distracted        |       |     1 |       |       ||     1
       Sleeping          |       |       |     6 |       ||     6
       Invisible         |       |       |     1 |       ||     1
  Eat: Chunk             |     5 |     7 |    23 |       ||    35
       Bread ration      |       |     1 |       |       ||     1
       Fruit             |       |       |     3 |       ||     3
       Meat ration       |       |       |     1 |       ||     1
Armor: Skin              |    23 |    21 |   116 |    19 ||   179
Dodge: Dodged            |    46 |    47 |   267 |    43 ||   403
